 Dungeon Crawl Stone Soup version 0.21.1-1-g345015fe64 (webtiles) character file.

373 Htamos the Grasshopper (level 6, -1/51 HPs)
             Began as a Gnoll Warper on June 11, 2018.
             Slain by an ogre
             ... wielding a +0 giant club
              (10 damage)
             ... on level 4 of the Dungeon.
             The game lasted 00:16:01 (4239 turns).

Htamos the Grasshopper (Gnoll Warper)               Turns: 4239, Time: 00:16:01

Health: -1/51      AC:  9    Str: 14    XL:     6   Next: 71%
Magic:  0/14       EV:  8    Int: 15    God:
Gold:   185        SH:  0    Dex: 16    Spells: 15/15 levels left

rFire    + . .     SeeInvis .   a - +0 spear
rCold    x . .     Gourm    .   (no shield)
rNeg     . . .     Faith    .   A - +0 chain mail
rPois    .         Spirit   +   (no helmet)
rElec    .         Reflect  .   (no cloak)
rCorr    .         Harm     .   (no gloves)
MR       .....                  (no boots)
Stlth    ..........             p - amulet of guardian spirit
HPRegen  0.17/turn              h - ring of fire
MPRegen  0.14/turn              x - ring of flight

@: no status effects
A: distributed training, fangs 1, strong nose
a: Evoke Flight


You were on level 4 of the Dungeon.
You were not hungry.

You visited 1 branch of the dungeon, and saw 4 of its levels.

You collected 185 gold pieces.

Inventory:

Hand Weapons
 a - a +0 spear (weapon)
 j - a cursed +0 hand axe
 z - a +0 blowgun
Missiles
 e - 5 tomahawks of dispersal (quivered)
 g - 18 sling bullets
 B - a throwing net
 C - 2 curare-tipped needles
 D - 4 tomahawks
Armour
 b - a +0 leather armour
 l - a +0 leather armour
 r - a +0 ring mail
 A - a +0 chain mail (worn)
Jewellery
 h - a ring of fire (left hand)
 p - an amulet of guardian spirit (around neck)
 x - a ring of flight (right hand)
Wands
 w - a wand of random effects (23)
 y - a wand of scattershot (8)
Scrolls
 d - 2 scrolls of blinking
 i - 3 scrolls of teleportation {unknown}
 n - 2 scrolls of magic mapping {unknown}
 q - 2 scrolls of identify {unknown}
 s - a scroll of enchant weapon {unknown}
 t - 2 scrolls of amnesia {unknown}
 v - 3 scrolls of remove curse {unknown}
Potions
 k - a potion of curing {unknown}
 m - a potion of agility {unknown}
 o - a potion of flight {unknown}
 u - a potion of brilliance {unknown}
 E - a potion of might {unknown}
Books
 c - a book of Spatial Translocations

   Spells                             Type                      Level
   a - Blink                          Translocation                2
   b - Shroud of Golubria             Charms/Translocation         2
   c - Lesser Beckoning               Translocation                3
   d - Gell's Gravitas                Translocation                3
   e - Teleport Other                 Translocation                3
   f - Passage of Golubria            Translocation                4
Comestibles
 f - 9 rations


   Skills:
 + Level 5.0 Fighting
 + Level 2.0 Short Blades
 + Level 2.0 Long Blades
 + Level 2.0 Axes
 + Level 2.0 Maces & Flails
 + Level 5.0 Polearms
 + Level 2.0 Staves
 + Level 2.0 Slings
 + Level 2.0 Bows
 + Level 2.0 Crossbows
 + Level 3.3 Throwing
 + Level 3.3 Armour
 + Level 5.0 Dodging
 + Level 2.0 Stealth
 + Level 2.0 Shields
 + Level 2.0 Unarmed Combat
 + Level 5.4 Spellcasting
 + Level 1.6 Conjurations
 + Level 1.6 Hexes
 + Level 1.6 Charms
 + Level 1.6 Summonings
 + Level 1.6 Necromancy
 + Level 5.7 Translocations
 + Level 1.6 Transmutations
 + Level 1.6 Fire Magic
 + Level 1.6 Ice Magic
 + Level 1.6 Air Magic
 + Level 1.6 Earth Magic
 + Level 1.6 Poison Magic
 + Level 2.2 Invocations
 + Level 2.0 Evocations


You had 15 spell levels left.
You didn't know any spells.

Dungeon Overview and Level Annotations

Branches:
Dungeon (4/15)
 Temple: D:4-7

Altars:
Ashenzari


Innate Abilities, Weirdness & Mutations

Your experience applies equally to all skills.
You have very sharp teeth.
Your uncanny sense of smell can sniff out nearby items.


Message History

You hit the ogre. You bite the ogre, but do no damage.
The ogre is severely wounded.
The ogre hits you with a giant club!
You hit the ogre. You bite the ogre, but do no damage.
The ogre is severely wounded.
The phantom blinks!
Your chain mail prevents you from hitting the ogre.
Your bite misses the ogre.
The ogre is severely wounded.
The ogre hits you with a giant club!!
* * * LOW HITPOINT WARNING * * *
You hit the ogre.
The ogre is severely wounded.
The ogre closely misses you.
You hit the ogre but do no damage. You bite the ogre, but do no damage.
The ogre is severely wounded.
You hit the ogre.
The ogre is severely wounded.
The ogre hits you with a giant club!
You die...

#.# #######..
####.###........
#........#####..
#.##.###....##..
#.##...)<.......
..
#.######....##..
#.## #.# #.####
... #.######.#
..# ##.@.......
.. #.O......##
#. #.######.#
#.##ยง##W# #.
#.......#
#######.# #.#
#.# #.#


You could see a phantom and an ogre.

Vanquished Creatures
  2 orc wizards
  Terence (D:3)
  Natasha (thrice) (D:2 D:1)
  4 gnolls
  2 river rats (D:3)
  8 adders
  4 worms
  3 dart slugs
  10 orcs
  2 bat zombies (D:1)
  4 giant cockroaches
  3 goblins
  5 hobgoblins
  6 kobolds
  5 bats
  5 frilled lizards
  14 rats
81 creatures vanquished.

Notes
Turn   | Place    | Note
-------+----------+-------------------------------------------
     0 | D:1      | Htamos the Gnoll Warper began the quest for the Orb.
     0 | D:1      | Reached XP level 1. HP: 20/20 MP: 6/6
   162 | D:1      | Reached XP level 2. HP: 26/26 MP: 7/7
   324 | D:1      | Found a shattered altar of Ashenzari.
   674 | D:1      | Reached XP level 3. HP: 31/31 MP: 9/9
   749 | D:2      | Reached skill level 5 in Spellcasting
   844 | D:2      | Reached skill level 1 in Invocations
   972 | D:2      | Reached skill level 1 in Short Blades
   972 | D:2      | Reached skill level 1 in Long Blades
   972 | D:2      | Reached skill level 1 in Axes
   972 | D:2      | Reached skill level 1 in Maces & Flails
   972 | D:2      | Reached skill level 1 in Staves
   972 | D:2      | Reached skill level 1 in Slings
   972 | D:2      | Reached skill level 1 in Bows
   972 | D:2      | Reached skill level 1 in Crossbows
   972 | D:2      | Reached skill level 1 in Stealth
   972 | D:2      | Reached skill level 1 in Shields
   972 | D:2      | Reached skill level 1 in Unarmed Combat
   972 | D:2      | Reached skill level 1 in Evocations
   972 | D:2      | Reached XP level 4. HP: 26/38 MP: 1/11
  1563 | D:3      | Reached skill level 1 in Conjurations
  1563 | D:3      | Reached skill level 1 in Hexes
  1563 | D:3      | Reached skill level 1 in Charms
  1563 | D:3      | Reached skill level 1 in Summonings
  1563 | D:3      | Reached skill level 1 in Necromancy
  1563 | D:3      | Reached skill level 1 in Transmutations
  1563 | D:3      | Reached skill level 1 in Fire Magic
  1563 | D:3      | Reached skill level 1 in Ice Magic
  1563 | D:3      | Reached skill level 1 in Air Magic
  1563 | D:3      | Reached skill level 1 in Earth Magic
  1563 | D:3      | Reached skill level 1 in Poison Magic
  1916 | D:3      | Noticed Natasha
  1957 | D:2      | HP: 1/38 [Natasha/magic dart (1)]
  1958 | D:2      | Killed Natasha
  1958 | D:2      | Reached XP level 5. HP: 1/43 MP: 1/12
  1982 | D:2      | Noticed Natasha
  2263 | D:2      | Killed Natasha
  2281 | D:2      | Noticed Natasha
  2307 | D:1      | Killed Natasha
  2635 | D:2      | Reached XP level 6. HP: 20/50 MP: 5/13
  2897 | D:3      | Noticed Terence
  3134 | D:3      | Killed Terence
  3913 | D:3      | Reached skill level 5 in Fighting
  3913 | D:3      | Reached skill level 5 in Polearms
  3913 | D:3      | Reached skill level 5 in Dodging
  4222 | D:4      | Noticed a phantom
  4239 | D:4      | Slain by an ogre

Skill      XL: |  1  2  3  4  5  6 |
---------------+-------------------+-----
Spellcasting   | 5 |  5.4
Invocations    | 1 2 |  2.2
Short Blades   | 1 2 |  2.0
Long Blades    | 1 2 |  2.0
Axes           | 1 2 |  2.0
Maces & Flails | 1 2 |  2.0
Staves         | 1 2 |  2.0
Slings         | 1 2 |  2.0
Bows           | 1 2 |  2.0
Crossbows      | 1 2 |  2.0
Stealth        | 1 2 |  2.0
Shields        | 1 2 |  2.0
Unarmed Combat | 1 2 |  2.0
Evocations     | 1 2 |  2.0
Conjurations   | 1 |  1.6
Hexes          | 1 |  1.6
Charms         | 1 |  1.6
Summonings     | 1 |  1.6
Necromancy     | 1 |  1.6
Transmutations | 1 |  1.6
Fire Magic     | 1 |  1.6
Ice Magic      | 1 |  1.6
Air Magic      | 1 |  1.6
Earth Magic    | 1 |  1.6
Poison Magic   | 1 |  1.6
Throwing       | 3 |  3.3
Armour         | 3 |  3.3
Fighting       | 5 |  5.0
Polearms       | 5 |  5.0
Dodging        | 5 |  5.0
Translocations | |  5.7

Action                   |  1- 3 |  4- 6 || total
-------------------------+-------+-------++-------
Melee: Spear             |   124 |   390 ||   514
       Bite              |     7 |    50 ||    57
       Punch             |       |     6 ||     6
 Stab: Sleeping          |     6 |     3 ||     9
  Eat: Chunk             |       |    11 ||    11
Armor: Leather armour    |    11 |     5 ||    16
       Ring mail         |       |    24 ||    24
       Chain mail        |       |    56 ||    56
Dodge: Dodged            |    63 |   175 ||   238
